 Dungeon Sprint DCSS version 0.23.0 (webtiles) character file.

Game seed: 15996476524536208711

308200000 Fang the Conqueror (level 27, 30/249 HPs)
             Began as a Demonspawn Gladiator on Feb 12, 2019.
             Was the Champion of Makhleb.
             Escaped with the Orb!
             The game lasted 00:19:17 (1541 turns).

Fang the Conqueror (Demonspawn Gladiator)           Turns: 1541, Time: 00:19:18

Health: 30/249     AC: 12    Str: 30    XL:     27
Magic:  54/54      EV: 32    Int: 12    God:    Makhleb [******]
Gold:   0          SH:  0    Dex: 15    Spells: 80/80 levels left

rFire    . . .     SeeInvis +   l - +∞ Axe of Woe
rCold    . . .     Gourm    .   (shield currently unavailable)
rNeg     + . .     Faith    .   b - +0 leather armour
rPois    .         Spirit   .   c - +0 helmet
rElec    .         Reflect  .   (no cloak)
rCorr    +         Harm     .   (gloves unavailable)
MR       ++...     NoTele   +   (no boots)
Stlth    +++.......             (no amulet)
HPRegen  0.51/turn              w - +100 ring of slaying
MPRegen  0.34/turn              n - ring of see invisible

@: mighty
A: claws 3, yellow scales 3, foul stench 2, negative energy resistance 1,
powered by pain 3, 50% torment resistance, black mark, rot immunity
0: Orb of Zot
a: Minor Destruction, Lesser Servant of Makhleb, Major Destruction, Greater
Servant of Makhleb, Renounce Religion


You escaped.
You worshipped Makhleb.
Makhleb was exalted by your worship.
You were very hungry.

You visited 1 branch

Inventory:

Hand Weapons
 l - the +∞ Axe of Woe (weapon)
   (You found it in the Dungeon)
Missiles
 d - 3 throwing nets (quivered)
Armour
 b - a +0 leather armour (worn)
 c - a +0 helmet (worn)
Jewellery
 n - a ring of see invisible (right claw)
 v - a +30 ring of slaying
 w - a +100 ring of slaying (left claw)
 x - a +30 ring of slaying
 z - a +30 ring of slaying
 A - a +30 ring of slaying
 B - a +30 ring of slaying
 C - a +30 ring of slaying
 D - a +30 ring of slaying
 E - a +30 ring of slaying
 F - a +30 ring of slaying
 G - a +30 ring of slaying
 H - a +30 ring of slaying
 I - a +30 ring of slaying
 J - a +30 ring of slaying
 K - a +30 ring of slaying
 L - a +30 ring of slaying
 M - a +30 ring of slaying
 N - a +30 ring of slaying
 O - a +30 ring of slaying
 P - a +30 ring of slaying
 Q - a +30 ring of slaying
 V - a +30 ring of slaying
 W - a +30 ring of slaying
 X - a +30 ring of slaying
 Y - a +27000 ring of slaying
 Z - a +30 ring of slaying
Scrolls
 k - a scroll of blinking
Potions
 e - a potion of curing
 h - a potion of haste
 i - 2 potions of magic
 j - a potion of berserk rage
Comestibles
 f - a ration


   Skills:
 O Level 27 Fighting
 O Level 27 Axes
 O Level 27 Maces & Flails
 O Level 27 Throwing
 O Level 27 Armour
 O Level 27 Dodging
 O Level 27 Stealth
 O Level 27 Unarmed Combat
 O Level 27 Spellcasting
 O Level 27 Invocations


You had 80 spell levels left.
You didn't know any spells.
Your spell library was empty.

Dungeon Overview and Level Annotations

Branches:
Dungeon (1/1)

Altars:
Makhleb


Innate Abilities, Weirdness & Mutations

You have claws for hands.
You are completely covered in yellow scales. (AC +4, rCorr)
You frequently emit foul miasma when damaged in melee.
You resist negative energy. (rN+)
You are powered by pain.
You are somewhat able to resist unholy torments (1 in 2 success).
Your melee attacks may debilitate your foes.
You are immune to rotting.


Message History

a +9 war axe; a +9 battleaxe A green death comes into view.
You hear a shout!
The Brimstone Fiend calls on the powers of darkness!
You feel a surge of unholy energy. The lich casts a spell at you.
The bolt of lightning misses you. The starcursed mass engulfs you.
The tormentor calls on the powers of darkness!
Your body is wracked with pain!
* * * LOW HITPOINT WARNING * * *
You focus on the pain.
You feel mightier all of a sudden.
There is a staircase leading out of the dungeon, spattered with blood here.
Things that are here:
a +9 war axe; a +9 battleaxe; a +9 war axe The lich casts a spell.
The lich seems to speed up.
A cacophony of accursed wailing tears at your sanity!
* * * LOW HITPOINT WARNING * * *
You have escaped!

...........)))....).............
.#.........))......&X..........#
..#.............X..#X....)......
.....#.....#[[...X.#..........%#
..#......###.)...XX###..))......
..............)###LX).....)....##
.......#....)))X_X)X.).))))......
....#.....).#))LX=#).)))))#.#...
###..........#_=@X_#.))))).......
#....#....)..#.))..#))))))#.#.#..
.......#....))))_...)))..3.......
..............)###.)..1....#.#.#.
.........)###.).....###..........
............#.......#............
............#.......#............
...#...........).................
..#.#.#.................#...#..


You could see Zaacriq, 9 starcursed masses, a Brimstone Fiend and 2 liches.

Vanquished Creatures
  165 orcs (D)
  A seraph (D)
  7 pandemonium lords (D)
  A profane servitor (D)
  5 Brimstone Fiends (D)
  A Tzitzimitl (D)
  2 liches (D)
  3 Hell Sentinels (D)
  10 Orb Guardians (D)
  2 Ice Fiends (D)
  2 Executioners (D)
  3 daevas (D)
  3 balrugs (D)
  3 cacodemons (D)
  An angel (D)
  A reaper (D)
  2 lorocyprocas (D)
  A blizzard demon (D)
  A great orb of eyes (D)
  A hell beast (D)
  3 monstrous demonspawn (D)
  3 hell hogs (D)
  5 sun demons (D)
  A soul eater (D)
  5 sixfirhies (D)
  A torturous demonspawn (D)
  2 shadow demons (D)
  4 infernal demonspawn (D)
  A gelid demonspawn (D)
  2 rust devils (D)
  5 orange demons (D)
  4 smoke demons (D)
  A demonic crawler (D)
  6 hellwings (D)
  An efreet (D)
  An ice devil (D)
  4 red devils (D)
  5 starcursed masses (D)
  A ynoxinul (D)
  A neqoxec (D)
  2 large abominations (D)
  A small abomination (D)
  An eye of draining (D)
  4 ball lightnings (D)
  Dispater (D)
  4 vampire knights (D)
  24 ogres (D)
  6 two-headed ogres (D)
314 creatures vanquished.

Vanquished Creatures (others)
  An eldritch tentacle (D)
  6 ball lightnings (D)
7 creatures vanquished.

Grand Total: 321 creatures vanquished

Notes
Turn   | Place    | Note
-------+----------+-------------------------------------------
     0 | D        | Found the +∞ Axe of Woe
     0 | D        | Fang the Demonspawn Gladiator began the quest for the Orb.
     0 | D        | Reached XP level 1. HP: 16/16 MP: 1/1
     4 | D        | Became a worshipper of Makhleb the Destroyer
     6 | D        | Noticed a bag of meat
     8 | D        | Noticed a bag of meat
     9 | D        | Noticed a meat berserker
    10 | D        | Noticed a bag of meat
    11 | D        | Killed a bag of meat
    11 | D        | Gained mutation: You are partially covered in yellow
                  | scales. (AC +2) [demonic ancestry]
    11 | D        | Reached XP level 2. HP: 43/43 MP: 2/2
    11 | D        | Gained mutation: You are immune to rotting. [demonic
                  | ancestry]
    11 | D        | Reached XP level 3. HP: 49/49 MP: 3/3
    11 | D        | Gained mutation: You may emit foul miasma when damaged in
                  | melee. [demonic ancestry]
    11 | D        | Reached XP level 4. HP: 56/56 MP: 4/4
    11 | D        | Reached XP level 5. HP: 62/62 MP: 5/5
    11 | D        | Reached XP level 6. HP: 69/69 MP: 6/6
    11 | D        | Reached XP level 7. HP: 75/75 MP: 7/7
    11 | D        | Reached XP level 8. HP: 82/82 MP: 8/8
    11 | D        | Reached XP level 9. HP: 88/88 MP: 9/9
    11 | D        | Gained mutation: You frequently emit foul miasma when
                  | damaged in melee. [demonic ancestry]
    11 | D        | Reached XP level 10. HP: 95/95 MP: 10/10
    11 | D        | Gained mutation: You sometimes gain a little power by
                  | taking damage. [demonic ancestry]
    11 | D        | Reached XP level 11. HP: 101/101 MP: 11/11
    12 | D        | Noticed a bag of meat
    13 | D        | Killed a bag of meat
    13 | D        | Reached * piety under Makhleb
    13 | D        | Reached skill level 15 in Axes
    13 | D        | Reached skill level 15 in Throwing
    13 | D        | Reached skill level 15 in Dodging
    13 | D        | Gained mutation: You have sharp fingernails. [demonic
                  | ancestry]
    13 | D        | Reached XP level 12. HP: 113/113 MP: 12/12
    13 | D        | Noticed a bag of meat
    14 | D        | Killed a meat berserker
    14 | D        | Gained mutation: You sometimes gain power by taking damage.
                  | [demonic ancestry]
    14 | D        | Reached XP level 13. HP: 65/125 MP: 13/13
    14 | D        | Reached XP level 14. HP: 69/133 MP: 14/14
    14 | D        | Noticed a bag of meat
    15 | D        | Noticed a bag of meat
    15 | D        | Noticed a bag of meat
    16 | D        | Killed a bag of meat
    17 | D        | Noticed a meat berserker
    17 | D        | Noticed a bag of meat
    17 | D        | Noticed a bag of meat
    18 | D        | Noticed a bag of meat
    19 | D        | Killed a bag of meat
    19 | D        | Reached ** piety under Makhleb
    19 | D        | Gained mutation: You have very sharp fingernails. [demonic
                  | ancestry]
    19 | D        | Reached XP level 15. HP: 68/144 MP: 15/15
    21 | D        | Noticed a large bag of meat
    22 | D        | Killed a meat berserker
    22 | D        | Reached *** piety under Makhleb
    22 | D        | Gained mutation: You are mostly covered in yellow scales.
                  | (AC +3) [demonic ancestry]
    22 | D        | Reached XP level 16. HP: 121/159 MP: 16/16
    23 | D        | Reached XP level 17. HP: 140/169 MP: 17/17
    23 | D        | Reached **** piety under Makhleb
    25 | D        | Reached skill level 27 in Fighting
    27 | D        | Killed a large bag of meat
    27 | D        | Gained mutation: You resist negative energy. (rN+) [demonic
                  | ancestry]
    27 | D        | Reached XP level 18. HP: 182/182 MP: 18/18
    27 | D        | Reached ***** piety under Makhleb
    27 | D        | Reached skill level 27 in Axes
    27 | D        | Reached skill level 27 in Throwing
    27 | D        | Reached skill level 27 in Dodging
    27 | D        | Reached skill level 5 in Armour
    27 | D        | Reached skill level 5 in Unarmed Combat
    27 | D        | Reached skill level 5 in Spellcasting
    28 | D        | Reached skill level 10 in Armour
    28 | D        | Reached skill level 10 in Unarmed Combat
    28 | D        | Reached skill level 10 in Spellcasting
    31 | D        | Reached skill level 15 in Invocations
    31 | D        | Gained mutation: You have claws for hands. [demonic
                  | ancestry]
    31 | D        | Reached XP level 19. HP: 147/189 MP: 32/34
    33 | D        | Reached skill level 15 in Stealth
    33 | D        | Reached skill level 15 in Armour
    33 | D        | Reached skill level 15 in Unarmed Combat
    33 | D        | Reached skill level 15 in Spellcasting
    33 | D        | Reached ****** piety under Makhleb
    34 | D        | Reached XP level 20. HP: 197/197 MP: 33/40
    36 | D        | Noticed a meat berserker
    38 | D        | Reached skill level 27 in Invocations
    38 | D        | Gained mutation: You are completely covered in yellow
                  | scales. (AC +4, rCorr) [demonic ancestry]
    38 | D        | Reached XP level 21. HP: 204/204 MP: 34/46
    46 | D        | Reached skill level 27 in Stealth
    46 | D        | Gained mutation: You are somewhat able to resist unholy
                  | torments (1 in 2 success). [demonic ancestry]
    46 | D        | Reached XP level 22. HP: 212/212 MP: 49/51
    51 | D        | Reached skill level 27 in Armour
    51 | D        | Reached skill level 27 in Unarmed Combat
    51 | D        | Reached skill level 27 in Spellcasting
    54 | D        | Gained mutation: You are powered by pain. [demonic
                  | ancestry]
    54 | D        | Reached XP level 23. HP: 219/219 MP: 51/54
    60 | D        | Reached XP level 24. HP: 227/227 MP: 52/54
    68 | D        | Noticed a large bag of meat
    72 | D        | Reached XP level 25. HP: 234/234 MP: 54/54
    76 | D        | Noticed a destroyer
    82 | D        | Reached XP level 26. HP: 242/242 MP: 54/54
    84 | D        | Noticed a destroyer
    85 | D        | Noticed a large bag of meat
    88 | D        | Gained mutation: Your melee attacks may debilitate your
                  | foes. [demonic ancestry]
    88 | D        | Reached XP level 27. HP: 119/249 MP: 54/54
    88 | D        | Killed a destroyer
    89 | D        | Killed a large bag of meat
    90 | D        | Killed a destroyer
    91 | D        | Noticed a large bag of meat
    98 | D        | Killed a large bag of meat
   101 | D        | Killed a large bag of meat
   162 | D        | Noticed a destroyer
   163 | D        | Noticed a destroyer
   168 | D        | Killed a destroyer
   168 | D        | Noticed The Meatlord
   180 | D        | Killed a destroyer
   187 | D        | Killed The Meatlord
   188 | D        | Got the Orb of Zot
   201 | D        | Noticed a large bag of meat
   212 | D        | Killed a large bag of meat
   217 | D        | Noticed a large bag of meat
   230 | D        | Killed a large bag of meat
   269 | D        | Reached skill level 27 in Maces & Flails
   746 | D        | Noticed Ekhliut the pandemonium lord
   753 | D        | Killed Ekhliut the pandemonium lord
   792 | D        | Noticed Gafitso the pandemonium lord
   792 | D        | Killed Gafitso the pandemonium lord
   896 | D        | Noticed Modaeh the pandemonium lord
   908 | D        | Killed Modaeh the pandemonium lord
   932 | D        | Noticed Arpholu the pandemonium lord
   937 | D        | Killed Arpholu the pandemonium lord
  1219 | D        | Noticed a seraph
  1227 | D        | Killed a seraph
  1240 | D        | Noticed Iqofeec the pandemonium lord
  1246 | D        | Killed Iqofeec the pandemonium lord
  1261 | D        | Noticed Veyhip the pandemonium lord
  1270 | D        | Killed Veyhip the pandemonium lord
  1333 | D        | Noticed Toen Aph the pandemonium lord
  1337 | D        | Killed Toen Aph the pandemonium lord
  1527 | D        | Noticed Zaacriq the pandemonium lord
  1541 | D        | Escaped with the Orb!

Skill      XL: |  1  2  3  4  5  6  7  8  9 10 11 12 13 14 15 16 17 18 19 20 21 22 23 24 25 26 27 |
---------------+----------------------------------------------------------------------------------+-----
Fighting       | 14 16 19 21 24 25 27 | 27.0
Axes           | 13 15 18 19 22 23 26 27 | 27.0
Throwing       | 13 15 18 19 22 23 26 27 | 27.0
Dodging        | 13 15 18 19 22 23 26 27 | 27.0
Armour         | 11 16 21 25 27 | 27.0
Stealth        | 12 18 22 27 | 27.0
Unarmed Combat | 11 16 21 25 27 | 27.0
Spellcasting   | 11 16 21 25 27 | 27.0
Invocations    | 15 22 27 | 27.0
Maces & Flails | 27 | 27.0

Action                   |  1- 3 |  4- 6 |  7- 9 | 10-12 | 13-15 | 16-18 | 19-21 | 22-24 | 25-27 || total
-------------------------+-------+-------+-------+-------+-------+-------+-------+-------+-------++-------
Melee: Executioner's axe |     1 |       |       |     2 |     4 |     6 |    11 |    15 |   185 ||   224
  Use: Potion            |       |       |       |       |       |       |       |       |     1 ||     1
  Eat: Chunk             |       |       |       |       |       |       |       |       |     1 ||     1
Armor: Leather armour    |       |       |       |       |       |       |       |       |    16 ||    16
Dodge: Dodged            |       |       |       |     1 |     1 |     1 |       |     3 |   115 ||   121
